 Dungeon Crawl Stone Soup version 0.27.0-1-g7a089689b8 (webtiles) character file.

Game seed: 7782599596315492974

292 mndeal the Insei (level 6, -4/47 HPs)
             Began as a Gnoll Transmuter on Aug 9, 2021.
             Slain by a sky beast (5 damage)
             ... on level 4 of the Dungeon.
             The game lasted 00:14:10 (3587 turns).

mndeal the Insei (Gnoll Transmuter)                 Turns: 3587, Time: 00:14:11

Health: -4/47      AC:  2    Str: 11    XL:     6   Next: 33%
Magic:  8/14       EV: 13    Int: 13    God:
Gold:   105        SH:  0    Dex: 12    Spells: 13/15 levels left

rFire    . . .     SeeInvis .     - Unarmed
rCold    . . .     Faith    .   (no shield)
rNeg     . . .     Spirit   .   a - +0 robe
rPois    .         Reflect  .   (no helmet)
rElec    .         Harm     .   (no cloak)
rCorr    .         Rampage  .   (no gloves)
Will     .....                  (no boots)
Stlth    ++........             (no amulet)
HPRegen  0.15/turn              (no ring)
MPRegen  0.14/turn              (no ring)

@: no status effects
A: fangs 1, strong nose, distributed training
a: no special abilities


You were on level 4 of the Dungeon.
You visited 1 branch of the dungeon, and saw 4 of its levels.

You collected 105 gold pieces.

Inventory:

Hand Weapons
 i - a +2 mace of protection
Missiles
 b - 34 bolts
 c - 12 arrows
 d - 9 javelins (quivered)
Armour
 a - a +0 robe (worn)
 e - a +0 ring mail
Jewellery
 h - a ring of see invisible
Scrolls
 f - a scroll of amnesia {unknown}
 g - 2 scrolls of identify {unknown}
 j - a scroll of fog {unknown}
 l - a scroll of teleportation {unknown}
Potions
 k - a potion of haste {unknown}


   Skills:
 + Level 3.2 Fighting
 + Level 1.9 Short Blades
 + Level 1.9 Long Blades
 + Level 1.9 Axes
 + Level 1.9 Maces & Flails
 + Level 1.9 Polearms
 + Level 1.9 Staves
 + Level 1.9 Slings
 + Level 1.9 Bows
 + Level 1.9 Crossbows
 + Level 1.9 Throwing
 + Level 1.9 Armour
 + Level 5.0 Dodging
 + Level 1.9 Stealth
 + Level 1.9 Shields
 + Level 6.8 Unarmed Combat
 + Level 5.3 Spellcasting
 + Level 1.5 Conjurations
 + Level 1.5 Hexes
 + Level 1.5 Summonings
 + Level 1.5 Necromancy
 + Level 1.5 Translocations
 + Level 4.1 Transmutations
 + Level 1.5 Fire Magic
 + Level 1.5 Ice Magic
 + Level 1.5 Air Magic
 + Level 1.5 Earth Magic
 + Level 1.5 Poison Magic
 + Level 2.1 Invocations
 + Level 1.9 Evocations


You had 13 spell levels left.
You knew the following spells:

 Your Spells              Type           Power      Damage    Failure   Level
a - Beastly Appendage     Tmut           28%        N/A       3%          1
b - Foxfire               Conj/Fire      28%        2x1d5     10%         1

Your spell library contained the following spells:

 Spells                   Type           Power      Damage    Failure   Level
 Wereblood                Tmut           14%        N/A       4%          2
 Spider Form              Tmut/Pois      5%         N/A       17%         3
 Conjure Flame            Conj/Fire      7%         6-21      28%         3
 Inner Flame              Hex/Fire       7%         N/A       28%         3
 Ice Form                 Ice/Tmut       10%        N/A       50%         4


Dungeon Overview and Level Annotations

Branches:
Dungeon (4/15)
 Temple: D:4-7

Altars:
Beogh

Annotations:
D:2 1 runed translucent door, exclusion: door, Crazy Yiuf
D:4 1 runed translucent door


Innate Abilities, Weirdness & Mutations

You have very sharp teeth.
Your uncanny sense of smell can sniff out nearby items.
Your experience applies equally to all skills.


Message History

The sky beast is heavily wounded.
The foxfire hits the sky beast.
The sky beast is severely wounded.
Casting: Foxfire (safe; 10% risk of failure)
Confirm with . or Enter, or press ? or * to list all spells.
You conjure some foxfire!
The sky beast hits you but does no damage.
The foxfire hits the sky beast.
The sky beast is severely wounded.
The foxfire hits the sky beast.
The sky beast is severely wounded.
Casting: Foxfire (safe; 10% risk of failure)
Confirm with . or Enter, or press ? or * to list all spells.
You conjure some foxfire!
The sky beast hits you. The sky beast shocks you.
* * * LOW HITPOINT WARNING * * *
A gnoll comes into view. It is wielding a +0 spear.
The gnoll shouts!
The foxfire hits the sky beast but does no damage.
The sky beast is severely wounded.
The foxfire hits the sky beast but does no damage.
The sky beast is severely wounded.
Casting: Foxfire (safe; 10% risk of failure)
Confirm with . or Enter, or press ? or * to list all spells.
You conjure some foxfire!
The sky beast hits you.
* * * LOW HITPOINT WARNING * * *
The sky beast shocks you.
* * * LOW HITPOINT WARNING * * *
The foxfire hits the sky beast.
The sky beast is almost dead.
The foxfire hits the sky beast.
The sky beast is almost dead.
A gnoll comes into view. It is wielding a +0 rapier.
Casting: Foxfire (safe; 10% risk of failure)
Confirm with . or Enter, or press ? or * to list all spells.
You conjure some foxfire!
The gnoll shouts!
The sky beast hits you.
* * * LOW HITPOINT WARNING * * *
The sky beast shocks you.
You die...

....#..# #. ....#..#
∆##.).......#
#.....<######.....g....#
......................#
#...................#
#...................## #
#...............g.....
#.#.............v.......
#[.<..........##@...#
.......).......vY...#
...#..#............####
...#...................#
....................#...
..#.)...............# .#
............##..?......#
.#..###.....##)....#..#
### ##########.####..#


You could see a sky beast (ally target) and 2 gnolls.

Vanquished Creatures
  2 orc priests (D:3)
  Natasha (D:2)
  An iguana (D:3)
  2 orc wizards (D:3)
  A gnoll (D:4)
  3 adders
  An adder skeleton (D:4)
  4 dart slugs
  8 orcs
  3 ball pythons (D:1)
  9 bats
  8 endoplasms
  4 giant cockroaches
  3 goblins
  4 hobgoblins
  10 jackals
  5 quokkas
  2 frilled lizards
  2 kobolds
  12 rats
85 creatures vanquished.

Vanquished Creatures (others)
  30 foxfires
30 creatures vanquished.

Grand Total: 115 creatures vanquished

Notes
Turn   | Place    | Note
-------+----------+-------------------------------------------
     0 | D:1      | mndeal the Gnoll Transmuter began the quest for the Orb.
     0 | D:1      | Reached XP level 1. HP: 17/17 MP: 6/6
   234 | D:1      | Reached XP level 2. HP: 21/23 MP: 5/7
   592 | D:1      | Reached XP level 3. HP: 25/28 MP: 7/9
   607 | D:1      | Reached skill level 5 in Spellcasting
  1122 | D:2      | Reached skill level 1 in Invocations
  1260 | D:2      | Reached skill level 1 in Short Blades
  1260 | D:2      | Reached skill level 1 in Long Blades
  1260 | D:2      | Reached skill level 1 in Axes
  1260 | D:2      | Reached skill level 1 in Maces & Flails
  1260 | D:2      | Reached skill level 1 in Polearms
  1260 | D:2      | Reached skill level 1 in Staves
  1260 | D:2      | Reached skill level 1 in Slings
  1260 | D:2      | Reached skill level 1 in Bows
  1260 | D:2      | Reached skill level 1 in Crossbows
  1260 | D:2      | Reached skill level 1 in Throwing
  1260 | D:2      | Reached skill level 1 in Armour
  1260 | D:2      | Reached skill level 1 in Stealth
  1260 | D:2      | Reached skill level 1 in Shields
  1260 | D:2      | Reached skill level 1 in Evocations
  1564 | D:2      | Reached XP level 4. HP: 34/34 MP: 9/11
  1803 | D:2      | Noticed Natasha
  1816 | D:2      | Killed Natasha
  1822 | D:2      | Reached skill level 1 in Conjurations
  1822 | D:2      | Reached skill level 1 in Hexes
  1822 | D:2      | Reached skill level 1 in Summonings
  1822 | D:2      | Reached skill level 1 in Necromancy
  1822 | D:2      | Reached skill level 1 in Translocations
  1822 | D:2      | Reached skill level 1 in Fire Magic
  1822 | D:2      | Reached skill level 1 in Ice Magic
  1822 | D:2      | Reached skill level 1 in Air Magic
  1822 | D:2      | Reached skill level 1 in Earth Magic
  1822 | D:2      | Reached skill level 1 in Poison Magic
  1900 | D:2      | Found a faded altar of an unknown god.
  1998 | D:2      | Found a runed translucent door.
  1999 | D:2      | Noticed Crazy Yiuf
  2131 | D:3      | Reached XP level 5. HP: 40/40 MP: 10/12
  2982 | D:3      | Reached XP level 6. HP: 33/47 MP: 13/13
  3433 | D:3      | Learned a level 1 spell: Foxfire
  3494 | D:4      | Found a runed translucent gate.
  3566 | D:4      | Noticed a sky beast
  3572 | D:4      | Reached skill level 5 in Dodging
  3585 | D:4      | HP: 2/47 [sky beast (6)]
  3587 | D:4      | Slain by a sky beast

Illustrated notes

Levels and vault maps discovered:
D:1:      mainiacjoe_arrival_reflecting_pool, layout_rooms
D:2:      layout_loops_ring, hellmonk_ecumenical_altar_defaced_shrine,
          st_stairs_5, hangedman_decor_clover_reticule, uniq_crazy_yiuf_cottage,
          uniq_natasha
D:3:      layout_rooms, minmay_strange_pillars
D:4:      layout_cave_pools, minmay_temple_entry_enclosed_plants, serial_shops,
          nicolae_shop_statue_plus, enter_ossuary_2, gammafunk_ghost_cemetery

Skill      XL: |  1  2  3  4  5  6 |
---------------+-------------------+-----
Spellcasting   | 5 |  5.3
Invocations    | 1 2 |  2.1
Short Blades   | 1 |  1.9
Long Blades    | 1 |  1.9
Axes           | 1 |  1.9
Maces & Flails | 1 |  1.9
Polearms       | 1 |  1.9
Staves         | 1 |  1.9
Slings         | 1 |  1.9
Bows           | 1 |  1.9
Crossbows      | 1 |  1.9
Throwing       | 1 |  1.9
Armour         | 1 |  1.9
Stealth        | 1 |  1.9
Shields        | 1 |  1.9
Evocations     | 1 |  1.9
Conjurations   | 1 |  1.5
Hexes          | 1 |  1.5
Summonings     | 1 |  1.5
Necromancy     | 1 |  1.5
Translocations | 1 |  1.5
Fire Magic     | 1 |  1.5
Ice Magic      | 1 |  1.5
Air Magic      | 1 |  1.5
Earth Magic    | 1 |  1.5
Poison Magic   | 1 |  1.5
Fighting       | 3 |  3.2
Transmutations | 4 |  4.1
Dodging        | 5 |  5.0
Unarmed Combat | |  6.8

Action                   |  1- 3 |  4- 6 || total
-------------------------+-------+-------++-------
Melee: Unarmed           |    92 |   124 ||   216
       Kick              |    10 |    21 ||    31
       Headbutt          |    11 |    13 ||    24
       Bite              |     7 |     7 ||    14
       Punch             |       |     6 ||     6
Throw: Javelin           |     3 |       ||     3
 Cast: Beastly Appendage |    21 |    19 ||    40
       Foxfire           |       |    17 ||    17
  Use: Potion            |       |     2 ||     2
 Stab: Sleeping          |       |     1 ||     1
Armor: Robe              |    15 |    13 ||    28
Dodge: Dodged            |    49 |    86 ||   135
